 Dungeon Crawl Stone Soup version 0.23-a0-710-gaad00d04af (webtiles) character file.

348 Morbidden the Slasher (level 6, -2/52 HPs)
             Began as a Draconian Fighter on Jan 15, 2019.
             Was a Follower of Zin.
             Slain by a worm (7 damage)
             ... on level 4 of the Dungeon.
             The game lasted 00:06:31 (2021 turns).

Morbidden the Slasher (Draconian Fighter)           Turns: 2021, Time: 00:06:31

Health: -2/52      AC:  6    Str: 26    XL:     6   Next: 33%
Magic:  6/6        EV:  9    Int:  8    God:    Zin [*.....]
Gold:   154        SH: 15    Dex: 12    Spells: 5/5 levels left

rFire    . . .     SeeInvis .   a - +0 long sword
rCold    . . .     Gourm    .   l - +0 large shield
rNeg     . . .     Faith    .   (armour unavailable)
rPois    +         Spirit   .   (helmet restricted)
rElec    .         Reflect  .   (no cloak)
rCorr    .         Harm     .   (no gloves)
MR       +....     Rnd*Tele +   (no boots)
Stlth    +.........             (no amulet)
HPRegen  0.17/turn              b - ring of poison resistance
MPRegen  0.10/turn              (no ring)

@: mighty
A: unfitting armour, agile 1, magic resistance 1, teleportitis 1, cold-blooded,
AC +6
a: Recite, Donate Gold, Renounce Religion


You were on level 4 of the Dungeon.
You worshipped Zin.
Zin was aware of your devotion.
You were not hungry.

You visited 2 branches of the dungeon, and saw 5 of its levels.

You collected 171 gold pieces.
You donated 17 gold pieces to Zin.

Inventory:

Hand Weapons
 a - a +0 long sword (weapon)
Armour
 l - a +0 large shield (worn)
Jewellery
 b - a ring of poison resistance (left hand)
Scrolls
 j - 4 scrolls of remove curse {unknown}
 k - 3 scrolls of identify {unknown}
 m - 2 scrolls of teleportation {unknown}
Potions
 h - a potion of lignification
 i - a potion of mutation
Comestibles
 d - 6 rations


   Skills:
 + Level 3.9 Fighting
 * Level 5.1 Long Blades
 + Level 3.4 Dodging
 - Level 0.1 Stealth
 + Level 4.2 Shields


You had 5 spell levels left.
You didn't know any spells.
Your spell library was empty.

Dungeon Overview and Level Annotations

Branches:
Dungeon (4/15)             Temple (1/1) D:4

Altars:
Cheibriados
Dithmenos
Gozag
Makhleb
Nemelex Xobeh
Okawaru
Trog
Vehumet
Wu Jian
Yredelemnul
Zin
The Shining One


Innate Abilities, Weirdness & Mutations

Your plain brown scales are hard. (AC +6)
You cannot fit into any form of body armour.
You are cold-blooded and may be slowed by cold attacks.
You are agile. (Dex +2)
You are resistant to hostile enchantments. (MR+)
You are occasionally teleported next to monsters.


Message History

Beogh smites you! You block the river rat's attack.
You slice the river rat!!
You kill the river rat!
You block the orc's attack.
Unknown command.
You slash the orc!
You kill the orc!
The orc priest mumbles some strange prayers to Beogh against you.
Beogh smites you!
* * * LOW HITPOINT WARNING * * *
Your magical contamination has completely faded away.
You slash the orc!
You kill the orc!
Unknown command.
You slash the orc priest!
You kill the orc priest!
You hit the worm.
The worm is moderately wounded.
The worm bites you!
You die...

#.........../#..........
#............#..........
#............#..........
###....).......#......o...
#..........w...r..........
#..............#..........
#.........########..##...
...........########..#
..$........#....@w...#
......##........##...#
......##...)†.<..#......#
...... #.........#.#.####
.... #.........#.#.# ...
##.........#.#?# ....
#P.P.......#.#.#
#...###.##......#.#
+...P#...#P.....#.


You could see a worm.

Vanquished Creatures
  An orc warrior (D:3)
  An ogre (D:4)
  An orc priest (D:4)
  2 adders
  3 river rats (D:4)
  3 worms
  4 dart slugs
  2 leopard geckos
  8 orcs
  7 bats
  6 giant cockroaches
  5 goblins
  9 hobgoblins
  5 jackals (D:1)
  5 kobolds
  A quokka (D:3)
  3 ball pythons
  5 rats
71 creatures vanquished.

Notes
Turn   | Place    | Note
-------+----------+-------------------------------------------
     0 | D:1      | Morbidden the Draconian Fighter began the quest for the
                  | Orb.
     0 | D:1      | Reached XP level 1. HP: 19/19 MP: 1/1
    67 | D:1      | Reached XP level 2. HP: 21/26 MP: 2/2
   458 | D:1      | Reached XP level 3. HP: 18/31 MP: 3/3
   737 | D:2      | Reached skill level 3 in Long Blades
  1180 | D:3      | Noticed an orc warrior
  1183 | D:3      | Reached XP level 4. HP: 39/39 MP: 4/4
  1204 | D:3      | Found an iron altar of Okawaru.
  1239 | D:3      | Killed an orc warrior
  1239 | D:3      | Reached skill level 4 in Long Blades
  1239 | D:3      | Reached XP level 5. HP: 11/46 MP: 5/5
  1669 | D:2      | Found a shadowy altar of Dithmenos.
  1870 | D:4      | Found a staircase to the Ecumenical Temple.
  1879 | Temple   | Entered the Ecumenical Temple
  1938 | Temple   | Became a worshipper of Zin the Law-Giver
  1938 | Temple   | Reached * piety under Zin
  1964 | D:4      | Noticed an ogre
  1972 | D:4      | Killed an ogre
  1972 | D:4      | Reached XP level 6. HP: 33/52 MP: 6/6
  2005 | D:4      | Gained mutation: You are agile. (Dex +2) [potion of
                  | mutation]
  2005 | D:4      | Gained mutation: You are occasionally teleported next to
                  | monsters. [potion of mutation]
  2005 | D:4      | Gained mutation: You are resistant to hostile enchantments.
                  | (MR+) [potion of mutation]
  2010 | D:4      | Reached skill level 5 in Long Blades
  2021 | D:4      | Slain by a worm

Vault maps used:
D:1:      lemuel_arrival_river_bridge
D:2:      nicolae_overflow_hidden_temple
D:3:      lemuel_crystal_altar, first_ration, due_unseen_surprise
D:4:      minmay_temple_entry_gardened_gates, lightli_sewer_entry_pipes
Temple:   compressed_dpeg_circular_temple

Skill      XL: |  1  2  3  4  5  6 |
---------------+-------------------+-----
Long Blades    | 3 4 5 |  5.1
Dodging        | 3 |  3.4
Shields        | 4 |  4.2
Fighting       | |  3.9
Stealth        | |  0.1

Action                   |  1- 3 |  4- 6 || total
-------------------------+-------+-------++-------
Melee: Long sword        |   137 |   102 ||   239
       Tailslap          |    21 |     7 ||    28
Invok: Recite            |       |     1 ||     1
  Use: Potion            |       |     6 ||     6
       Scroll            |       |     1 ||     1
 Stab: Sleeping          |     1 |       ||     1
  Eat: Chunk             |     1 |     3 ||     4
Armor: Skin              |    53 |    30 ||    83
Dodge: Dodged            |    50 |    31 ||    81
Block: Shield            |    31 |       ||    31
       Large shield      |    71 |    87 ||   158
       Rpst.: Long sword |    19 |     9 ||    28

Table legend:
 A = Non-vault XP
 B = Vault XP
 C = Vault XP percentage of total XP
 D = Non-vault monster count
 E = Vault monster count
 F = Vault count percentage of total count
                 A         B        C        D         E       F
            +---------+---------+-------+---------+---------+-------
      Total |     446 |      52 |  10.4 |      67 |       4 |   5.6
            +---------+---------+-------+---------+---------+-------
        D:1 |      51 |       0 |   0.0 |      27 |       0 |   0.0
        D:2 |      46 |       0 |   0.0 |      21 |       0 |   0.0
        D:3 |     170 |       0 |   0.0 |      11 |       0 |   0.0
        D:4 |     179 |      52 |  22.5 |       8 |       4 |  33.3
            +---------+---------+-------+---------+---------+-------
